AoeStats
← x Turbo0

Arabia

507187896Analyzed
1v1 RM · 16d ago on Sep 17, 2026· 39m 13s· 2 players
Game mode
Random Map
Map size
Tiny (2 player)
Population
200
Speed
Normal
Resources
Standard
Victory
Conquest
Starting age
Dark Age
Ending age
Imperial Age
RankedLock teamsTeams togetherTeam positionsShared explorationLock speedFull tech treeHidden civsTurbo modeCheats
Victory
Defeat
🇲🇽 Berbers · Mexico
1062
+15
🇧🇷 Celts · Brazil
1045
-15
Bonsai Duck
10:28 Feudal Age
10:47 Man-at-Arms
15:46 Horse Collar
17:37 Loom
22:50 Castle Age
21:07 Double-Bit Axe
23:13 Gold Mining
25:08 Gold Shaft Mining
27:47 Heavy Plow
30:41 Bow Saw
31:13 Pikeman
33:12 Forging
33:10 Scale Barding Armor
33:28 Scale Mail Armor
34:50 Iron Casting
x Turbo0
3:45 Loom
11:12 Feudal Age
17:40 Horse Collar
19:06 Fletching
19:44 Padded Archer Armor
23:45 Wheelbarrow
25:22 Castle Age
25:32 Crossbowman
26:16 Double-Bit Axe
26:34 Heavy Plow
26:26 Gold Mining
27:49 Scale Barding Armor
27:09 Light Cavalry
29:23 Chain Barding Armor
32:10 Forging
33:41 Bloodlines
33:33 Husbandry
35:30 Bodkin Arrow
36:14 Wheelbarrow
Connection lost

Rejoining the realm…

Still unreachable

The connection could not be restored.

Session expired

The server has moved on; the page needs a fresh start.